MID
BELOIT SNAPPERS @ CHARLESTON RIVERDOGS
08/02/2046
 
TOP OF THE 1ST
Beloit Snappers batting - Pitching for Charleston RiverDogs : RHP Willie Perez
Pitching: RHP Willie Perez
Batting: SHB Robert Santiago 0-0: Ball
1-0: Ball
2-0: SINGLE (Groundball, 34S, EV 73.8 MPH) (infield hit)
Batting: LHB Angel Sanchez 0-0: Called Strike
0-1: Foul Ball, location: 2F
0-2: Ball
1-2: Fly out, F9 (Flyball, 9LD, EV 83.8 MPH)
Batting: RHB Tim Cordle 0-0: Ball
1-0: Ball
Robert Santiago steals 2nd base (no throw)
2-0: Ground out 6-3 (Groundball, 6, EV 88.1 MPH)
Robert Santiago to third
Batting: LHB Henry Hutson 0-0: Hit by Pitch
Batting: RHB Casey Nicita 0-0: Swinging Strike
0-1: Foul Ball, location: 2F
0-2: Strikes out swinging
Top of the 1st over - 0 runs, 1 hit, 0 errors, 2 left on base; Beloit 0 - Charleston 0
BOTTOM OF THE 1ST
Charleston RiverDogs batting - Pitching for Beloit Snappers : LHP Shane Stratton
Pitching: LHP Shane Stratton
Batting: LHB Justin O'Neal 0-0: Foul Ball, location: 2F
0-1: Foul Ball, location: 2F
0-2: Strikes out swinging
Batting: RHB Bryan Westray 0-0: Ball
1-0: Called Strike
1-1: Ball
2-1: Ground out 6-3 (Groundball, 6, EV 85.0 MPH)
Batting: RHB Alfredo Rodriguez 0-0: Ball
1-0: Foul Ball, location: 2F
1-1: Ball
2-1: Ball
3-1: Called Strike
3-2: SOLO HOME RUN (Flyball, 7D, EV 115.6 MPH), Distance : 428 ft
Batting: RHB Bill Nguyen-Tan 0-0: Foul Ball, location: 2F
0-1: Foul Ball, location: 2F
0-2: Ball
1-2: Ball
2-2: Strikes out swinging
Bottom of the 1st over - 1 run, 1 hit, 0 errors, 0 left on base; Beloit 0 - Charleston 1
TOP OF THE 2ND
Beloit Snappers batting - Pitching for Charleston RiverDogs : RHP Willie Perez
Batting: RHB Josh Whaley 0-0: Called Strike
0-1: Called Strike
0-2: Foul Ball, location: 2F
0-2: Foul Ball, location: 2F
0-2: Ground out 1-3 (Groundball, P, EV 64.4 MPH)
Batting: SHB Mike Jorgenson 0-0: Ball
1-0: Ball
2-0: Ground out 4-3 (Groundball, 4D, EV 102.5 MPH)
Batting: RHB Todd Vanasco 0-0: Foul Ball, location: 2F
0-1: Ball
1-1: Called Strike
1-2: Strikes out looking
Top of the 2nd over - 0 runs, 0 hits, 0 errors, 0 left on base; Beloit 0 - Charleston 1
BOTTOM OF THE 2ND
Charleston RiverDogs batting - Pitching for Beloit Snappers : LHP Shane Stratton
Batting: LHB Marc Durgin 0-0: Ball
1-0: Called Strike
1-1: Swinging Strike
1-2: Strikes out swinging
Batting: LHB Sean Trueblood 0-0: SINGLE (Line Drive, 78S, EV 113.1 MPH)
Batting: LHB Dale Anderson 0-0: Foul Ball, location: 2F
0-1: Swinging Strike
0-2: Strikes out looking
Batting: RHB Louwe Starmans 0-0: Ball
1-0: Ground out 4-3 (Groundball, 4, EV 78.8 MPH)
Bottom of the 2nd over - 0 runs, 1 hit, 0 errors, 1 left on base; Beloit 0 - Charleston 1
TOP OF THE 3RD
Beloit Snappers batting - Pitching for Charleston RiverDogs : RHP Willie Perez
Batting: RHB Hidetada Iba 0-0: Called Strike
0-1: Called Strike
0-2: Ball
1-2: Foul Ball, location: 2F
1-2: Strikes out swinging
Batting: SHB Robert Santiago 0-0: Called Strike
0-1: Ball
1-1: Swinging Strike
1-2: Ball
2-2: Foul Ball, location: 2F
2-2: Foul Ball, location: 2F
2-2: Ball
3-2: Strikes out swinging, 2-3 out at first.
Batting: LHB Angel Sanchez 0-0: Ball
1-0: Called Strike
1-1: Fly out, F7 (Flyball, 7, EV 91.2 MPH)
Top of the 3rd over - 0 runs, 0 hits, 0 errors, 0 left on base; Beloit 0 - Charleston 1
BOTTOM OF THE 3RD
Charleston RiverDogs batting - Pitching for Beloit Snappers : LHP Shane Stratton
Batting: SHB Houston Phillips 0-0: Ground out 6-3 (Groundball, 6, EV 103.8 MPH)
Batting: LHB Justin O'Neal 0-0: Ball
1-0: Fly out, F9 (Flyball, 89M, EV 92.5 MPH)
Batting: RHB Bryan Westray 0-0: Ball
1-0: Ground out 5-3 (Groundball, 5D, EV 80.6 MPH)
Bottom of the 3rd over - 0 runs, 0 hits, 0 errors, 0 left on base; Beloit 0 - Charleston 1
TOP OF THE 4TH
Beloit Snappers batting - Pitching for Charleston RiverDogs : RHP Willie Perez
Batting: RHB Tim Cordle 0-0: Ball
1-0: Swinging Strike
1-1: Ball
2-1: Ball
3-1: Fly out, F5 (Popup, 5SF, EV 66.9 MPH)
Batting: LHB Henry Hutson 0-0: Foul Ball, location: 2F
0-1: DOUBLE (Line Drive, 5D, EV 105.0 MPH)
Batting: RHB Casey Nicita 0-0: SINGLE (Line Drive, 78S, EV 84.4 MPH)
Henry Hutson to third
Runner from 3rd tries for Home, throw by LF and OUT! 7-2
Batting: RHB Josh Whaley 0-0: Called Strike
0-1: Hit by Pitch
Casey Nicita to second
Batting: SHB Mike Jorgenson 0-0: Called Strike
0-1: Foul Ball, location: 2F
0-2: Strikes out looking
Top of the 4th over - 0 runs, 2 hits, 0 errors, 2 left on base; Beloit 0 - Charleston 1
BOTTOM OF THE 4TH
Charleston RiverDogs batting - Pitching for Beloit Snappers : LHP Shane Stratton
Batting: RHB Alfredo Rodriguez 0-0: Called Strike
0-1: Called Strike
0-2: Ball
1-2: Ball
2-2: Foul Ball, location: 2F
2-2: Ground out 4-3 (Groundball, 4, EV 98.1 MPH)
Batting: RHB Bill Nguyen-Tan 0-0: Ball
1-0: Ball
2-0: Ball
3-0: Base on Balls
Batting: LHB Marc Durgin 0-0: Ball
1-0: Ball
2-0: Called Strike
2-1: Foul Ball, location: 2F
2-2: Ball
3-2: Fly out, F2 (Popup, 23F, EV 92.5 MPH)
Batting: LHB Sean Trueblood 0-0: Ball
1-0: Fly out, F8 (Flyball, 8RM, EV 84.4 MPH)
Bottom of the 4th over - 0 runs, 0 hits, 0 errors, 1 left on base; Beloit 0 - Charleston 1
TOP OF THE 5TH
Beloit Snappers batting - Pitching for Charleston RiverDogs : RHP Willie Perez
Batting: RHB Todd Vanasco 0-0: Called Strike
0-1: Ball
1-1: Ball
2-1: Foul Ball, location: 2F
2-2: Ball
3-2: Foul Ball, location: 2F
3-2: Strikes out looking
Batting: RHB Hidetada Iba 0-0: Called Strike
0-1: Swinging Strike
0-2: Ground out 6-3 (Groundball, 6S, EV 93.8 MPH)
Batting: SHB Robert Santiago 0-0: Called Strike
0-1: Foul Ball, location: 2F
0-2: SOLO HOME RUN (Flyball, 9LD, EV 98.1 MPH), Distance : 354 ft
Batting: LHB Angel Sanchez 0-0: Foul Ball, location: 2F
0-1: SINGLE (Groundball, 6D, EV 111.2 MPH)
Batting: RHB Tim Cordle 0-0: Ball
1-0: Ground out 6-3 (Groundball, 6S, EV 92.5 MPH)
Top of the 5th over - 1 run, 2 hits, 0 errors, 1 left on base; Beloit 1 - Charleston 1
BOTTOM OF THE 5TH
Charleston RiverDogs batting - Pitching for Beloit Snappers : LHP Shane Stratton
Batting: LHB Dale Anderson 0-0: SINGLE (Line Drive, 7S, EV 98.8 MPH)
Batting: RHB Louwe Starmans 0-0: Called Strike
0-1: Ball
1-1: Ball
2-1: Ball
3-1: Foul Ball, location: 2F
3-2: Base on Balls
Dale Anderson to second
Batting: SHB Houston Phillips 0-0: Foul Ball, location: 2F
0-1: Ball
1-1: Ball
2-1: Called Strike
2-2: Ball
3-2: Strikes out looking
Batting: LHB Justin O'Neal 0-0: Swinging Strike
0-1: Ball
1-1: Ball
2-1: Fly out, F8 (Flyball, 78M, EV 91.9 MPH)
Batting: RHB Bryan Westray 0-0: Ball
1-0: Ball
2-0: Foul Ball, location: 2F
2-1: Ball
3-1: Swinging Strike
3-2: Fly out, F8 (Flyball, 8RM, EV 82.5 MPH)
Bottom of the 5th over - 0 runs, 1 hit, 0 errors, 2 left on base; Beloit 1 - Charleston 1
TOP OF THE 6TH
Beloit Snappers batting - Pitching for Charleston RiverDogs : RHP Willie Perez
Batting: LHB Henry Hutson 0-0: Ball
1-0: Ball
2-0: Foul Ball, location: 2F
2-1: Foul Ball, location: 2F
2-2: Fly out, F7 (Flyball, 7, EV 91.9 MPH)
Batting: RHB Casey Nicita 0-0: Ball
1-0: SOLO HOME RUN (Flyball, 78XD, EV 116.2 MPH), Distance : 463 ft
Batting: RHB Josh Whaley 0-0: Called Strike
0-1: Foul Ball, location: 2F
0-2: Foul Ball, location: 2F
0-2: Strikes out swinging
Batting: SHB Mike Jorgenson 0-0: Ball
1-0: Ball
2-0: Called Strike
2-1: Ball
3-1: Foul Ball, location: 2F
3-2: Base on Balls
Batting: RHB Todd Vanasco 0-0: Ball
Mike Jorgenson is caught stealing 2nd base 2-4
Top of the 6th over - 1 run, 1 hit, 0 errors, 0 left on base; Beloit 2 - Charleston 1
BOTTOM OF THE 6TH
Charleston RiverDogs batting - Pitching for Beloit Snappers : LHP Shane Stratton
Batting: RHB Alfredo Rodriguez 0-0: Ball
1-0: Foul Ball, location: 2F
1-1: Ball
2-1: Ball
3-1: Ground out 4-3 (Groundball, 6MD, EV 86.2 MPH)
Batting: RHB Bill Nguyen-Tan 0-0: Ball
1-0: Foul Ball, location: 2F
1-1: Swinging Strike
1-2: Foul Ball, location: 2F
1-2: Foul Ball, location: 2F
1-2: Ball
2-2: Ball
3-2: SINGLE (Line Drive, 6D, EV 98.1 MPH)
Pitching: RHP Jonathan Colyer
Batting: LHB Marc Durgin 0-0: Ball
1-0: Called Strike
1-1: Grounds into double play, 5-4-3 (Groundball, 56S, EV 82.5 MPH)
Bottom of the 6th over - 0 runs, 1 hit, 0 errors, 0 left on base; Beloit 2 - Charleston 1
TOP OF THE 7TH
Beloit Snappers batting - Pitching for Charleston RiverDogs : RHP Willie Perez
Batting: RHB Todd Vanasco 0-0: Foul Ball, location: 2F
0-1: Ball
1-1: Ball
2-1: Ball
3-1: Called Strike
3-2: Base on Balls
Pitching: RHP Joe Shaw
Pinch Hitting: SHB John Cummings 0-0: Ball
1-0: Ball
2-0: Reached on error, E4 (Groundball, 34, EV 97.5 MPH)
Todd Vanasco to second
Batting: SHB Robert Santiago 0-0: Called Strike
0-1: Fielders Choice at 2nd, 1-6 (Groundball, 23, EV 63.1 MPH)
Todd Vanasco to third
Batting: LHB Angel Sanchez 0-0: Called Strike
Robert Santiago steals 2nd base
0-1: Swinging Strike
0-2: Ball
1-2: Foul Ball, location: 2F
1-2: Foul Ball, location: 2F
1-2: Fly out, F9 (Flyball, 9LS, EV 89.4 MPH)
Batting: RHB Tim Cordle 0-0: Called Strike
0-1: Ball
1-1: Foul Ball, location: 2F
1-2: Foul Ball, location: 2F
1-2: Ball
2-2: Strikes out swinging
Top of the 7th over - 0 runs, 0 hits, 1 error, 2 left on base; Beloit 2 - Charleston 1
BOTTOM OF THE 7TH
Charleston RiverDogs batting - Pitching for Beloit Snappers : RHP Jonathan Colyer
Pitching: LHP Jimmy Ford
Now at 2B: Larry Prey
Now at 3B: Robert Santiago
Now at SS: Larry Clark
Batting: LHB Sean Trueblood 0-0: Ground out 1-3 (Groundball, 13S, EV 67.5 MPH)
Batting: RHB Francisco Aguayo 0-0: SINGLE (Groundball, 56D, EV 108.8 MPH)
Batting: RHB Louwe Starmans 0-0: Ball
1-0: Ball
2-0: Ball
3-0: Called Strike
3-1: Called Strike
3-2: Foul Ball, location: 2F
3-2: SINGLE (Groundball, 6MD, EV 101.2 MPH)
Francisco Aguayo to second
Pinch Hitting: RHB Iften Olujimi 0-0: Ball
1-0: Ball
2-0: Called Strike
2-1: Swinging Strike
2-2: Strikes out looking
Pinch Hitting: RHB Lorenzo Vasquez 0-0: Called Strike
0-1: Foul Ball, location: 2F
0-2: Ball
1-2: Foul Ball, location: 2F
1-2: Strikes out looking
Bottom of the 7th over - 0 runs, 2 hits, 0 errors, 2 left on base; Beloit 2 - Charleston 1
TOP OF THE 8TH
Beloit Snappers batting - Pitching for Charleston RiverDogs : RHP Joe Shaw
Pitching: LHP Cory Musial
Now at 2B: John Sprenkel
Now at SS: Iften Olujimi
Batting: LHB Henry Hutson 0-0: Foul Ball, location: 2F
0-1: Swinging Strike
0-2: Foul Ball, location: 2F
0-2: Ball
1-2: Foul Ball, location: 2F
1-2: Ball
2-2: Strikes out swinging
Batting: RHB Casey Nicita 0-0: Ball
1-0: Called Strike
1-1: Swinging Strike
1-2: Strikes out swinging
Batting: RHB Josh Whaley 0-0: Called Strike
0-1: Ball
1-1: SOLO HOME RUN (Flyball, 8RXD, EV 115.6 MPH), Distance : 454 ft
Batting: SHB Mike Jorgenson 0-0: Called Strike
0-1: Ball
1-1: Ball
2-1: Ground out 4-3 (Groundball, 4, EV 108.1 MPH)
Top of the 8th over - 1 run, 1 hit, 0 errors, 0 left on base; Beloit 3 - Charleston 1
BOTTOM OF THE 8TH
Charleston RiverDogs batting - Pitching for Beloit Snappers : LHP Jimmy Ford
Pitching: RHP C.J. Ledger
Batting: RHB Bryan Westray 0-0: Foul Ball, location: 2F
0-1: Foul Ball, location: 2F
0-2: Ground out 4-3 (Groundball, 4, EV 103.1 MPH)
Batting: RHB Alfredo Rodriguez 0-0: Ball
1-0: Called Strike
1-1: Ground out 6-3 (Groundball, 56D, EV 77.5 MPH)
Batting: RHB Bill Nguyen-Tan 0-0: Ball
1-0: Ball
2-0: Foul Ball, location: 2F
2-1: Ground out 6-3 (Groundball, 6, EV 82.5 MPH)
Bottom of the 8th over - 0 runs, 0 hits, 0 errors, 0 left on base; Beloit 3 - Charleston 1
TOP OF THE 9TH
Beloit Snappers batting - Pitching for Charleston RiverDogs : LHP Cory Musial
Pitching: RHP Khayyat bin Faruq
Batting: RHB Todd Vanasco 0-0: Ball
1-0: SINGLE (Line Drive, 9S, EV 103.1 MPH)
Batting: LHB Larry Prey 0-0: Ball
1-0: Bunt missed!
1-1: Bunted foul
1-2: Ball
2-2: Foul Ball, location: 2F
2-2: Foul Ball, location: 2F
2-2: Fly out, F7 (Flyball, 7D, EV 88.8 MPH)
Batting: SHB Robert Santiago 0-0: Ball
1-0: Swinging Strike
1-1: Fielders Choice at 2nd, 3-6 (Groundball, 3, EV 96.9 MPH)
Batting: LHB Angel Sanchez 0-0: Foul Ball, location: 2F
0-1: Ball
1-1: Ball
2-1: Ball
3-1: Foul Ball, location: 2F
3-2: Foul Ball, location: 2F
3-2: Strikes out swinging
Top of the 9th over - 0 runs, 1 hit, 0 errors, 1 left on base; Beloit 3 - Charleston 1
BOTTOM OF THE 9TH
Charleston RiverDogs batting - Pitching for Beloit Snappers : RHP C.J. Ledger
Pitching: RHP Alec Bassett
Batting: LHB Marc Durgin 0-0: Ball
1-0: Foul Ball, location: 2F
1-1: Called Strike
1-2: Strikes out swinging
Batting: LHB Sean Trueblood 0-0: Fly out, F8 (Flyball, 89M, EV 77.5 MPH)
Batting: RHB Francisco Aguayo 0-0: Ball
1-0: Ball
2-0: Ground out 4-3 (Groundball, 4, EV 109.4 MPH)
Bottom of the 9th over - 0 runs, 0 hits, 0 errors, 0 left on base; Beloit 3 - Charleston 1
Tuesday, September 13th , 2022 - OOTP Baseball 23.7 Build 88